 Dungeon Crawl Stone Soup version 0.28.0-47-ge53b351184 (webtiles) character file.

Game seed: 327875114216011460

6729 boopmooplesden the Slicer (level 10, -11/90 HPs)
             Began as a Minotaur Berserker on May 8, 2022.
             Was an Elder of Trog.
             Mangled by Psyche
             ... wielding a +4 dagger of distortion
              (19 damage)
             ... while paralysed by Psyche
             ... on level 9 of the Dungeon.
             The game lasted 00:08:38 (6620 turns).

boopmooplesden the Slicer (Minotaur Berserker)      Turns: 6620, Time: 00:08:38

Health: -11/90     AC:  0    Str: 23    XL:     10   Next: 75%
Magic:  9/9        EV:  5    Int:  4    God:    Trog [****..]
Gold:   557        SH:  0    Dex: 18    Spells: 9/9 levels left

rFire   . . .      SeeInvis .   (weapon currently unavailable)
rCold   . . .      Faith    .   (shield currently unavailable)
rNeg    . . .      Spirit   .   (armour currently unavailable)
rPois   .          Reflect  +   (helmet currently unavailable)
rElec   .          Harm     .   (cloak currently unavailable)
rCorr   .          Rampage  .   (gloves currently unavailable)
Will    .....                   (boots currently unavailable)
Stlth   +.........              f - amulet of reflection
HPRegen 0.25/turn               (ring currently unavailable)
MPRegen 0.11/turn               (ring currently unavailable)

@: confused, paralysed, bat-form, on berserk cooldown, flying, hasted and
slowed, very quick
A: fast, flying, no casting, tiny, (horns 2), (retaliatory headbutt)
a: Renounce Religion, Berserk, Trog's Hand, Brothers in Arms


You were on level 9 of the Dungeon.
You worshipped Trog.
Trog was greatly pleased with you.
You were a bat.
You visited 1 branch of the dungeon, and saw 9 of its levels.

You collected 557 gold pieces.

Inventory:

Hand Weapons
 a - a +0 vorpal falchion
 i - the +5 short sword of Context (melded) {drain, Int+3}
   (You found it on level 2 of the Dungeon)

   A truly terrible weapon, it drains the life of any living foe it strikes.
   Int:       It affects your intelligence (+3).
 v - a +3 short sword of venom
 w - a +3 great mace
Missiles
 s - a throwing net (quivered)
Armour
 b - a +0 animal skin
 d - a +2 cloak (melded)
 j - a +0 leather armour
 r - the +1 leather armour of Broken Taboos (melded) {Will- Regen+ Slay+3}
   (You found it on level 4 of the Dungeon)

   Slay:      It affects your accuracy & damage with ranged weapons and melee
   (+3).
   Regen:     It increases your rate of health regeneration.
   Will:      It decreases your willpower.
Jewellery
 f - an amulet of reflection (around neck)
 q - a +4 ring of evasion (melded)
 y - a ring of resist corrosion
 B - a +6 ring of dexterity
Wands
 m - a wand of iceblast (6)
 u - a wand of flame (40)
Scrolls
 e - 3 scrolls of blinking
 g - 5 scrolls of identify
 o - 2 scrolls of teleportation
 t - a scroll of holy word
 E - a scroll of fear
Potions
 c - 2 potions of berserk rage
 h - a potion of cancellation
 k - a potion of degeneration {unknown}
 l - 5 potions of heal wounds
 n - 2 potions of flight {unknown}
 p - 3 potions of haste
 x - a potion of attraction {unknown}
 z - 3 potions of might
 A - a potion of lignification {unknown}
 C - a potion of brilliance {unknown}
 D - a potion of mutation {unknown}


   Skills:
 + Level 8.6 Fighting
 + Level 11.6(12.1) Short Blades
 + Level 5.4(9.9) Long Blades
 + Level 6.2 Armour
 + Level 7.1 Dodging
 + Level 3.9 Stealth
 + Level 5.3 Shields


You had 9 spell levels left.
You didn't know any spells.
Your spell library was empty.

Dungeon Overview and Level Annotations

Branches:
Dungeon (9/15)             Temple (0/1) D:6            Lair (0/6) D:8
    Orc: D:9-12

Altars:
Cheibriados
Elyvilon
Gozag
Nemelex Xobeh
Qazlal
Ru
Sif Muna
Vehumet
Xom

Shops:
D:1 **

Annotations:
D:4 exclusion: statue
D:9 Psyche


Innate Abilities, Weirdness & Mutations

You are a bat.
You are tiny and dextrous.
You move quickly.
You are flying.
Your equipment is almost entirely melded.
You are incapable of wielding weapons or throwing items.
You cannot cast spells.
((You have a pair of horns on your head.))
((You reflexively headbutt those who attack you in melee.))


Message History

You hear some strange, mumbled words.
A swirling arc of seething chaos appears!
An arc of chaos appears from out of thin air!
The arc of chaos hits you!
You blink.
The arc of chaos hits you.
You hear some strange, mumbled words.
You turn into a bat.
The +5 short sword of Context {drain, Int+3} melds into your body.
Your +2 cloak melds into your body.
The +1 leather armour of Broken Taboos {Will- Regen+ Slay+3} melds into your body.
Your +4 ring of evasion melds into your body.
You hit something.
You hear a zap.
Something tries to affect you, but you resist.
You hit something but do no damage.
You hear a zap.
Something tries to affect you, but you resist.
You miss something. Something closely misses you.
You miss something. Something hits you! Space warps horribly around you!
You hit something. Something barely misses you.
You barely miss something.
You hear some strange, mumbled words.
A swirling arc of seething chaos appears!
An arc of chaos appears from out of thin air!
The arc of chaos hits you!
You are confused.
You bump into the rock wall.
Something hits you! Space warps around you.
You hear a zap.
You suddenly lose the ability to move!
The now-empty wand crumbles to dust.
Something hits you. Something hits you!
* * * LOW HITPOINT WARNING * * *
You hear some strange, mumbled words.
A swirling arc of seething chaos appears!
An arc of chaos appears from out of thin air!
The arc of chaos hits you.
* * * LOW HITPOINT WARNING * * *
Something hits you!
* * * LOW HITPOINT WARNING * * *
Space warps horribly around you!!
You die...

......# #.#...............#
####..#####.##...##########.# #
#..#.......(...# #.#
####..#.###.##...## #.#
##.....#.##.###.## ##.##
......#.###.# #.# ##...##
#...........# #.# ##.....##
.....##########'## ##.......##
..)...# ##..b## #.........#
......# ##...{.## ##.......##
......## ##.......## ##.....###
.......####.........####.)...####
#.........+.........'............
###....####.........###.....#####
#..#.######.......## #.#.### #
#.##.......#...^.## #.### #
##.##.#####.##...## #. #


There were no monsters in sight!

Vanquished Creatures
  Erolcha (D:9)
  A two-headed ogre (D:9)
  Joseph (D:7)
  A troll (D:6)
  A hornet (D:9)
  Prince Ribbit (D:8)
  A wyvern (D:9)
  4 yaks (D:9)
  Grum (D:8)
  2 vampire mosquitoes (D:6)
  2 steam dragons
  3 water moccasins
  Duvessa (D:7)
  An orc warrior (D:7)
  2 ice beasts
  2 sky beasts
  A black bear (D:6)
  4 wolves (D:8)
  3 ogres
  2 phantoms
  2 kobold brigands (D:9)
  3 bullfrogs
  2 scorpions (D:6)
  A wyvern skeleton (D:6)
  Dowan (D:7)
  3 killer bees (D:9)
  4 wights (D:8)
  A howler monkey (D:4)
  4 electric eels (D:7)
  2 hounds
  Crazy Yiuf (D:7)
  A jelly (D:7)
  3 iguanas
  An orc wizard (D:6)
  A hound skeleton (D:5)
  2 howler monkey zombies
  5 adders
  4 gnolls (D:5)
  A white imp (D:6)
  An adder zombie (D:5)
  An adder skeleton (D:4)
  A worm (D:2)
  6 dart slugs
  14 orcs
  3 bats
  6 endoplasms
  3 giant cockroaches
  11 goblins
  3 hobgoblins
  A jackal (D:9)
  2 quokkas
  9 ball pythons
  3 frilled lizards
  9 kobolds
  A quokka skeleton (D:4)
  5 rats
156 creatures vanquished.

Vanquished Creatures (others)
  6 plants
6 creatures vanquished.

Grand Total: 162 creatures vanquished

Notes
Turn   | Place    | Note
-------+----------+-------------------------------------------
     0 | D:1      | boopmooplesden the Minotaur Berserker began the quest for
                  | the Orb.
     0 | D:1      | Reached XP level 1. HP: 19/19 MP: 0/0
    26 | D:1      | Found a faded altar of an unknown god.
   200 | D:1      | Found Xorruc's Assorted Antiques.
   204 | D:1      | Found Otwiqaucwu's Assorted Antiques.
   299 | D:1      | Reached XP level 2. HP: 27/27 MP: 1/1
   841 | D:2      | Identified the +5 short sword of Context {drain, Int+3}
   961 | D:2      | Found a sparkling altar of Nemelex Xobeh.
   977 | D:2      | Reached XP level 3. HP: 29/33 MP: 2/2
  1245 | D:3      | Reached ** piety under Trog
  1279 | D:3      | Found a snail-covered altar of Cheibriados.
  1336 | D:3      | Reached skill level 5 in Long Blades
  1339 | D:3      | Reached XP level 4. HP: 36/40 MP: 3/3
  1629 | D:3      | Reached skill level 1 in Short Blades
  1921 | D:4      | Found a radiant altar of Vehumet.
  1927 | D:4      | Reached XP level 5. HP: 47/47 MP: 4/4
  1928 | D:4      | Noticed a charred statue
  2062 | D:4      | Noticed a phantom
  2075 | D:4      | Killed a phantom
  2076 | D:4      | Reached skill level 2 in Short Blades
  2076 | D:4      | Reached skill level 1 in Stealth
  2076 | D:4      | Reached skill level 1 in Shields
  2251 | D:4      | Found a shimmering blue altar of Sif Muna.
  2253 | D:4      | Identified the +1 leather armour of Broken Taboos {Will-
                  | Regen+ Slay+3}
  2281 | D:4      | Reached *** piety under Trog
  2775 | D:4      | Reached XP level 6. HP: 53/53 MP: 5/5
  2909 | D:5      | Entered Level 5 of the Dungeon
  2991 | D:5      | Reached skill level 3 in Short Blades
  3292 | D:5      | Found a white marble altar of Elyvilon.
  3314 | D:5      | Reached XP level 7. HP: 56/60 MP: 6/6
  3502 | D:6      | Noticed a vampire mosquito
  3502 | D:6      | Noticed a vampire mosquito
  3502 | D:6      | Noticed a troll
  3508 | D:6      | Killed a vampire mosquito
  3509 | D:6      | Reached skill level 4 in Short Blades
  3513 | D:6      | Killed a vampire mosquito
  3514 | D:6      | Reached skill level 5 in Short Blades
  3519 | D:6      | Killed a troll
  3520 | D:6      | Reached skill level 5 in Fighting
  3520 | D:6      | Reached XP level 8. HP: 68/68 MP: 7/7
  3522 | D:6      | Reached skill level 6 in Short Blades
  3542 | D:6      | Found a staircase to the Ecumenical Temple.
  3811 | D:6      | Reached skill level 7 in Short Blades
  3851 | D:6      | Reached skill level 5 in Armour
  4163 | D:6      | Found a stormy altar of Qazlal.
  4165 | D:6      | Noticed an air elemental
  4351 | D:7      | Noticed Duvessa
  4353 | D:7      | Noticed Dowan
  4361 | D:7      | Killed Duvessa
  4362 | D:7      | Reached skill level 8 in Short Blades
  4431 | D:7      | Killed Dowan
  4482 | D:7      | Reached XP level 9. HP: 45/75 MP: 8/8
  4703 | D:7      | Found a shimmering altar of Xom.
  4703 | D:7      | Found a shimmering altar of Xom.
  4703 | D:7      | Found a shimmering altar of Xom.
  4704 | D:7      | Found a shimmering altar of Xom.
  4705 | D:7      | Found a shimmering altar of Xom.
  4706 | D:7      | Found a shimmering altar of Xom.
  4706 | D:7      | Found a shimmering altar of Xom.
  4707 | D:7      | Found a shimmering altar of Xom.
  4721 | D:7      | Reached skill level 5 in Dodging
  5203 | D:7      | Reached skill level 9 in Short Blades
  5225 | D:7      | Noticed Joseph
  5237 | D:7      | Killed Joseph
  5314 | D:7      | Noticed a harpy
  5413 | D:7      | Found a runed translucent door.
  5414 | D:7      | Noticed Crazy Yiuf
  5421 | D:7      | Killed Crazy Yiuf
  5565 | D:8      | Found an opulent altar of Gozag.
  5681 | D:8      | Noticed Prince Ribbit
  5684 | D:8      | Killed Prince Ribbit
  5739 | D:8      | Reached skill level 10 in Short Blades
  5771 | D:8      | Found a staircase to the Lair.
  5882 | D:8      | Reached **** piety under Trog
  5931 | D:8      | Noticed Grum
  5945 | D:8      | Reached XP level 10. HP: 86/86 MP: 9/9
  5952 | D:8      | Killed Grum
  6216 | D:9      | Found a sacrificial altar of Ru.
  6267 | D:9      | Noticed a two-headed ogre
  6283 | D:9      | Reached skill level 11 in Short Blades
  6289 | D:9      | Killed a two-headed ogre
  6290 | D:9      | Reached skill level 5 in Shields
  6536 | D:9      | Noticed Erolcha
  6547 | D:9      | Killed Erolcha
  6578 | D:9      | Noticed Psyche
  6597 | D:9      | Paralysed by Psyche for 7 turns
  6617 | D:9      | Paralysed by something for 4 turns
  6620 | D:9      | Mangled by Psyche

Illustrated notes

Levels and vault maps discovered:
D:1:      mainiacjoe_arrival_reflecting_pool, layout_rooms,
          hellmonk_ecumenical_altar_heavens_door, serial_shops,
          nicolae_shop_overgrown_old_shop, shop, minmay_tree_intersection
D:2:      layout_rooms, basic_altar
D:3:      layout_basic, mainiacjoe_overflow_cross_hatched,
          small_statue_intersection, grunt_decor_resistance,
          hangedman_feature_mirror, feat_on_display
D:4:      layout_basic, mainiacjoe_overflow_concentric_impassable,
          vehumet_statue
D:5:      layout_basic, mainiacjoe_overflow_surrounded_room,
          minmay_misc_feat_roman
D:6:      layout_loops_ring, nicolae_qazlal_style_of_elements,
          minmay_temple_entry_offerings, minmay_misc_feat_alley
D:7:      layout_basic, xom_shifter_show, serial_bayou, serial_bayou_shore_b,
          serial_bayou_pond_d, serial_bayou_lake_a, serial_bayou_shore_b,
          uniq_crazy_yiuf_cottage, uniq_duvessa, uniq_joseph
D:8:      layout_rooms, nicolae_gozag_cash_rules_everything_around_me,
          lair_entry_dummy, uniq_prince_ribbit1, uniq_grum
D:9:      layout_loops_corners, nicolae_ru_great_annihilating_truth,
          nzn_hepliaklqana_mist_gate, uniq_psyche, uniq_erolcha

Skill      XL: |  1  2  3  4  5  6  7  8  9 10 |
---------------+-------------------------------+-----
Long Blades    | 4 5 |  5.4
Fighting       | 4 5 7 8 |  8.6
Short Blades   | 1 2 3 5 8 10 11 | 11.6
Dodging        | 3 4 5 7 |  7.1
Stealth        | 1 2 3 |  3.9
Shields        | 1 2 3 4 5 |  5.3
Armour         | 3 4 5 6 |  6.2

Action                   |  1- 3 |  4- 6 |  7- 9 | 10-12 || total
-------------------------+-------+-------+-------+-------++-------
Melee: Falchion          |    51 |       |       |       ||    51
       Headbutt          |     8 |    13 |    36 |     8 ||    65
       Short sword       |    32 |    72 |   176 |    87 ||   367
       Punch             |     1 |       |     4 |     1 ||     6
       Unarmed           |       |       |       |     6 ||     6
Invok: Berserk           |     1 |       |     2 |     3 ||     6
  Use: Scroll            |     3 |     2 |     8 |     1 ||    14
       Potion            |       |       |     1 |       ||     1
 Stab: Sleeping          |     2 |       |       |       ||     2
       Paralysed         |       |       |       |     1 ||     1
Armor: Animal skin       |    13 |       |       |       ||    13
       Leather armour    |    12 |    13 |    28 |    10 ||    63
Dodge: Dodged            |    37 |    41 |    82 |    55 ||   215
Block: Other             |    12 |    10 |    25 |    13 ||    60
       Reflection        |       |       |     1 |     3 ||     4
